AoeStats
← Iguano Pop

Arabia

510418859Analyzed
3v3 RM · 1d ago on Sep 30, 2026· 15m 15s· 6 players
Game mode
Random Map
Map size
Normal (6 player)
Population
200
Speed
Normal
Resources
Standard
Victory
Conquest
Starting age
Dark Age
Ending age
Imperial Age
RankedLock teamsTeams togetherTeam positionsShared explorationLock speedFull tech treeHidden civsTurbo modeCheats
Victory
Defeat
🇲🇽 Cumans · Mexico
1296
+15
🇵🇪 Franks · Peru
1291
+15
🇺🇸 Burgundians · United States
1265
+16
🇦🇷 Berbers · Argentina
1299
-18
🇦🇷 Japanese · Argentina
1274
-15
🇦🇷 Ethiopians · Argentina
1224
-13
Im a Smurf
3:56 Double-Bit Axe
6:37 Loom
9:14 Feudal Age
Iguano Pop
6:17 Loom
8:52 Feudal Age
9:15 Loom
10:25 Double-Bit Axe
lcastillov22
4:31 Loom
9:38 Feudal Age
12:16 Wheelbarrow
11:29 Double-Bit Axe
JDR.Stream
7:18 Loom
10:03 Feudal Age
11:07 Double-Bit Axe
15:11 Scale Barding Armor
HombrePaloma
7:07 Loom
9:57 Feudal Age
SHAKIRA THE QUEEN
7:42 Loom
10:08 Feudal Age
10:19 Man-at-Arms
10:45 Double-Bit Axe
Connection lost

Rejoining the realm…

Still unreachable

The connection could not be restored.

Session expired

The server has moved on; the page needs a fresh start.